 Dungeon Crawl Stone Soup version 0.29.0-4-gdea44cf6ec (webtiles) character file.

Game seed: 13622588405799090361

54 qw the Chopper (level 3, 0/21 HPs)
             Began as a Tengu Warper on Aug 28, 2022.
             Slain by an adder (1 damage)
             ... on level 2 of the Dungeon.
             The game lasted 00:00:06 (1197 turns).

qw the Chopper (Tengu Warper)                       Turns: 1197, Time: 00:00:06

Health: 0/21       AC:  5    Str: 13    XL:     3   Next: 91%
Magic:  7/7        EV: 11    Int: 13    God:
Gold:   52         SH:  0    Dex: 13    Spells: 6/6 levels left

rFire   . . .      SeeInvis .   Y - +0 hand axe
rCold   . . .      Faith    .   (no shield)
rNeg    . . .      Spirit   .   g - +0 ring mail
rPois   .          Reflect  .   (helmet restricted)
rElec   .          Harm     .   (no cloak)
rCorr   .          Rampage  .   (no gloves)
Will    .....                   (boots unavailable)
Stlth   +.........              j - amulet of regeneration
HPRegen 0.87/turn               (no ring)
MPRegen 0.10/turn               (no ring)

@: lethally poisoned (0 -> -1)
A: beak, talons 3
a: no special abilities


You were on level 2 of the Dungeon.
You visited 1 branch of the dungeon, and saw 2 of its levels.

You collected 52 gold pieces.


Innate Abilities, Weirdness & Mutations

You have a beak for a mouth.
You have claws for feet.


   Skills:
 - Level 2.0 Fighting
 + Level 4.5 Axes
 - Level 1.0 Throwing
 - Level 1.1 Armour
 - Level 2.1 Dodging
 - Level 2.0 Spellcasting
 - Level 2.4 Translocations


You had 6 spell levels left.
You didn't know any spells.
Your spell library contained the following spells:

 Spells                   Type           Power      Damage    Failure   Level
 Blink                    Tloc           14%        N/A       30%         2
 Gell's Gravitas          Tloc           7%         N/A       52%         3
 Lesser Beckoning         Tloc           7%         N/A       52%         3
 Teleport Other           Tloc           7%         N/A       52%         3
 Manifold Assault         Tloc           7%         N/A       99%         5

Inventory:

Hand Weapons
 f - a +0 mace
 Y - a +0 hand axe (weapon)
Armour
 g - a +0 ring mail (worn)
Jewellery
 b - a ring of positive energy
 j - an amulet of regeneration (around neck)
Scrolls
 a - 3 scrolls of identify {unknown}
Potions
 d - a potion of heal wounds {unknown}
 h - a potion of berserk rage {unknown}
 i - a potion of resistance {unknown}

Dungeon Overview and Level Annotations

Branches:
Dungeon (2/15)

Altars:


Message History

You kill the adder!
You closely miss the adder. You hit the goblin but do no damage.
The goblin hits you with a +0 club. The adder bites you.
You are poisoned.
The adder poisons you!
You closely miss the adder. Your peck misses the adder.
The adder is moderately wounded.
You hit the goblin. You hit the ball python.
You feel sick. The adder completely misses you. The goblin closely misses you.
The ball python bites you but does no damage.
The ball python grabs you. The ball python constricts you. The adder bites you.
You are more poisoned.
The adder poisons you! The goblin barely misses you.
The ball python closely misses you. The ball python constricts you.
You hit the ball python but do no damage.
You claw the ball python.
You kill the ball python!
You hit the goblin.
You kill the goblin!
You closely miss the adder.
You feel very sick. The adder bites you but does no damage.
You barely miss the adder. Your kick misses the adder.
Your peck misses the adder.
The adder is lightly wounded.
You feel very sick.
The adder bites you but does no damage. x2
You miss the adder. Your kick misses the adder.
The adder is lightly wounded.
You feel sick. The adder misses you.
You barely miss the adder. Your kick misses the adder.
The adder is lightly wounded.
You feel sick. The adder closely misses you.
You miss the adder. Your peck misses the adder.
The adder is lightly wounded.
You feel sick. The adder bites you but does no damage.
You hit the adder.
The adder is severely wounded.
You feel sick. The adder bites you.
You die...

.# ##.# #.
#.## .#
##.# ##.#
#..# #.##
#.#
#..####.##
#.....@S.#
#...#)##.#
#. ... ..#
.#.#.#.(#
#.......g#
#.#.#.#..#
#.....g..#
#.#.#.#...


You could see an adder.

Vanquished Creatures
  3 adders (D:2)
  2 dart slugs
  2 ball pythons (D:2)
  5 bats
  A giant cockroach (D:2)
  A goblin (D:2)
  A hobgoblin (D:2)
  2 jackals (D:1)
  3 kobolds
  A quokka (D:2)
  2 frilled lizards (D:1)
  A rat (D:2)
24 creatures vanquished.

Vanquished Creatures (others)
  2 demonic plants (D:2)
  A fungus (D:2)
  2 withered plants (D:2)
5 creatures vanquished.

Grand Total: 29 creatures vanquished

Notes
Turn   | Place    | Note
-------+----------+-------------------------------------------
     0 | D:1      | qw the Tengu Warper began the quest for the Orb.
     0 | D:1      | Reached XP level 1. HP: 12/12 MP: 4/4
     0 | D:1      | 0 ||| qw: Version: 0.1-a-89-g26bdef1
     0 | D:1      | 0 ||| qw: Game counter: 2516
     0 | D:1      | 0 ||| qw: Always use a shield: true
     0 | D:1      | 0 ||| qw: God list: Okawaru
     0 | D:1      | 0 ||| qw: Allow faded altars: false
     0 | D:1      | 0 ||| qw: Do Orc after D:15 true
     0 | D:1      | 0 ||| qw: Do second Lair branch before Depths: true
     0 | D:1      | 0 ||| qw: Lair rune preference: random
     0 | D:1      | 0 ||| qw: Plans: Normal
     0 | D:1      | 0 ||| PLANNING D:1-11
   310 | D:1      | Reached XP level 2. HP: 13/17 MP: 6/6
   311 | D:1      | Reached skill level 3 in Axes
   842 | D:1      | 842 ||| UPGRADING to +0 ring mail.
   852 | D:1      | 852 ||| DROPPING +0 leather armour.
   853 | D:1      | 853 ||| UPGRADING to amulet of regeneration.
   858 | D:1      | 858 ||| READING scroll labelled HEUSEXZ FIXU.
   859 | D:1      | 859 ||| DROPPING scroll of blinking.
   894 | D:2      | 894 ||| Stepping ~*~*~tactically~*~*~ (stealth).
   930 | D:2      | 930 ||| Stepping ~*~*~tactically~*~*~ (stealth).
   932 | D:2      | 932 ||| Stepping ~*~*~tactically~*~*~ (hiding).
  1066 | D:2      | Reached XP level 3. HP: 21/21 MP: 7/7
  1067 | D:2      | Found a faded altar of an unknown god.
  1076 | D:2      | Reached skill level 4 in Axes
  1180 | D:2      | 1180 ||| Stepping ~*~*~tactically~*~*~ (hiding).
  1182 | D:2      | 1182 ||| Stepping ~*~*~tactically~*~*~ (hiding).
  1192 | D:2      | HP: 5/21 [poisoned by an adder]
  1194 | D:2      | HP: 1/21 [poisoned by an adder]
  1197 | D:2      | Slain by an adder

Levels and vault maps discovered:
D:1:      minmay_arrival_loop, layout_basic
D:2:      layout_rooms, serial_glass, glass_columns_a, glass_columns_b,
          shapermc_ecumenical_altar_gd, grunt_decor_clamped, minmay_tripent

Skill      XL: |  1  2  3 |
---------------+----------+-----
Axes           | 3 4 |  4.5
Fighting       | |  2.0
Throwing       | |  1.0
Armour         | |  1.1
Dodging        | |  2.1
Spellcasting   | |  2.0
Translocations | |  2.4

Action                   || total
-------------------------++-------
Melee: Hand axe          ||    51
       Kick              ||    10
       Peck              ||     7
Throw: Boomerang         ||     7
  Use: Scroll            ||     1
Armor: Leather armour    ||     4
       Ring mail         ||    14
Dodge: Dodged            ||    40

Table legend:
 A = Non-vault XP
 B = Vault XP
 C = Vault XP percentage of total XP
 D = Non-vault monster count
 E = Vault monster count
 F = Vault count percentage of total count
                 A         B        C        D         E       F
            +---------+---------+-------+---------+---------+-------
      Total |      78 |       0 |   0.0 |      24 |       0 |   0.0
            +---------+---------+-------+---------+---------+-------
        D:1 |      17 |       0 |   0.0 |       9 |       0 |   0.0
        D:2 |      61 |       0 |   0.0 |      15 |       0 |   0.0
            +---------+---------+-------+---------+---------+-------
